 Dungeon Sprint DCSS version 0.28-a0-390-gb254ac4902 (webtiles) character file.

Game seed: 1171019696296101286

289 jt the Cleaver (level 6, -1/56 HPs)
             Began as a Naga Cinder Acolyte on Sept 4, 2021.
             Was an Elder of Ignis.
             Slain by a yak (4 damage)
             ... in the Dungeon (Sprint I: "Red Sonja").
             The game lasted 00:01:24 (556 turns).

jt the Cleaver (Naga Cinder Acolyte)                 Turns: 556, Time: 00:01:24

Health: -1/56      AC:  3    Str: 18    XL:     6   Next: 31%
Magic:  0/7        EV:  9    Int: 14    God:    Ignis [****..]
Gold:   317        SH:  0    Dex:  7    Spells: 5/7 levels left

rFire   + . .      SeeInvis +   a - -1 hand axe (flame)
rCold   . . .      Faith    .   (no shield)
rNeg    . . .      Spirit   .   b - +0 robe
rPois   +          Reflect  .   (no helmet)
rElec   .          Harm     .   (no cloak)
rCorr   .          Rampage  .   (no gloves)
Will    .....      NoTele   +   (no barding)
Stlth   +.........              (no amulet)
HPRegen 0.18/turn               (no ring)
MPRegen 0.10/turn               (no ring)

@: very slow
A: AC +2, large, see invisible, deformed body, poison resistance, slowness 2,
spit poison 1, naga tail 1
a: Spit Poison, Renounce Religion, Sea of Fire, Foxfire Swarm, Rising Flame


You were in the Dungeon.
You worshipped Ignis.
Ignis was greatly pleased with you.
You visited 1 branch You collected 317 gold pieces.

Inventory:

Hand Weapons
 a - a -1 hand axe of flaming (weapon)
 g - a +0 scythe
Armour
 b - a +0 robe (worn)
Wands
 i - a wand of flame (19)
Scrolls
 h - a scroll of blinking
Potions
 c - a potion of curing
 e - a potion of haste
 f - 2 potions of magic
 j - a potion of flight {unknown}


   Skills:
 - Level 3.0 Fighting
 + Level 12.7 Axes
 - Level 1.0 Spellcasting
 - Level 3.0 Fire Magic


You had 5 spell levels left.
You knew the following spells:

 Your Spells              Type           Power      Damage    Failure   Level
a - Scorch                Fire           18%        2d5       12%         2

Your spell library contained the following spells:

 Spells                   Type           Power      Damage    Failure   Level


Dungeon Overview and Level Annotations

Branches:
Dungeon (1/1)

Altars:
Cheibriados
Dithmenos
Fedhas
Gozag
Hepliaklqana
Kikubaaqudgha
Okawaru
Qazlal
Ru
Sif Muna
Trog
Uskayaw
Vehumet
Wu Jian
Yredelemnul
Zin

Shops:
D !


Innate Abilities, Weirdness & Mutations

Your serpentine skin is tough. (AC +2)
You have supernaturally acute eyesight. (SInv)
Armour fits poorly on your strangely shaped body.
Your system is resistant to poisons. (rPois)
You cover ground very slowly.
You can spit poison.
You have a snake-like lower body.


Message History

You barely miss the yak.
The yak is moderately wounded.
Flames leap up around you! The yak gores you!
* * * LOW HITPOINT WARNING * * *
Okay, then.
You barely miss the yak.
The yak is moderately wounded.
The foxfire hits the yak but does no damage.
The yak is moderately wounded.
The foxfire hits the yak but does no damage.
The yak is moderately wounded.
The foxfire hits the yak.
The yak is heavily wounded.
The foxfire hits the yak.
The yak is heavily wounded.
The foxfire hits the yak.
The yak is severely wounded.
The yak snorts and paws the ground.
The yak gores you!
* * * LOW HITPOINT WARNING * * *
The foxfire hits the yak.
The yak is severely wounded.
Press: ? - help, v - describe, . - travel
Here: a yak (severely wounded, ally target)
An open door.
Found five altars.
The foxfire hits the yak but does no damage.
The yak is severely wounded.
The foxfire hits the yak.
The yak is severely wounded.
The foxfire hits the yak.
The yak is almost dead.
Your magical contamination has completely faded away.
Press: ? - help, v - describe, . - travel
Here: a yak (almost dead)
The floor.
Casting: Scorch (safe; 12% risk of failure)
Confirm with . or Enter, or press ? or * to list all spells.
Flames lash the yak but do no damage.
The yak gores you.
You die...

################
#<.#.)'..#..'..#
#.)'..#..[..#..+
#..#####'#####'#
#..# #..#.§v#.#
#..# _####.§##.#
#..# ____##'#_.+
#⌠⌠#_.∩...'Y@._#
####_..__##_.#'#


____ ##+#[# ### ### You could see a yak.

Vanquished Creatures
  Sigmund (D)
  An ogre (D)
  A jelly (D)
  Ijyb (D)
4 creatures vanquished.

Vanquished Creatures (others)
  28 foxfires (D)
28 creatures vanquished.

Grand Total: 32 creatures vanquished

Notes
Turn   | Place    | Note
-------+----------+-------------------------------------------
     0 | D        | jt the Naga Cinder Acolyte began the quest for the Orb.
     0 | D        | Reached XP level 1. HP: 21/21 MP: 2/2
     2 | D        | Noticed Ijyb
     5 | D        | Killed Ijyb
     6 | D        | Reached skill level 6 in Axes
     6 | D        | Reached XP level 2. HP: 28/28 MP: 3/3
   111 | D        | Noticed an ogre
   117 | D        | Killed an ogre
   118 | D        | Reached skill level 9 in Axes
   118 | D        | Reached XP level 3. HP: 6/34 MP: 4/4
   118 | D        | Reached XP level 4. HP: 7/42 MP: 5/5
   385 | D        | Noticed Sigmund
   391 | D        | Killed Sigmund
   392 | D        | Reached skill level 12 in Axes
   392 | D        | Reached XP level 5. HP: 32/49 MP: 6/6
   392 | D        | Reached XP level 6. HP: 37/56 MP: 7/7
   506 | D        | Found a shimmering blue altar of Sif Muna.
   507 | D        | Found an ornate altar of the Wu Jian Council.
   509 | D        | Found a radiant altar of Vehumet.
   541 | D        | Learned a level 2 spell: Scorch
   541 | D        | Found Cuollapn's Distillery.
   541 | D        | Found an ancient bone altar of Kikubaaqudgha.
   541 | D        | Found a hazy altar of Hepliaklqana.
   541 | D        | Found a hide-covered altar of Uskayaw.
   541 | D        | Found a basalt altar of Yredelemnul.
   541 | D        | Found an opulent altar of Gozag.
   541 | D        | Found a snail-covered altar of Cheibriados.
   541 | D        | Found a sacrificial altar of Ru.
   541 | D        | Found a shadowy altar of Dithmenos.
   541 | D        | Noticed a yak
   555 | D        | Found a stormy altar of Qazlal.
   555 | D        | Found a blossoming altar of Fedhas.
   555 | D        | Found a bloodstained altar of Trog.
   555 | D        | Found an iron altar of Okawaru.
   555 | D        | Found a glowing silver altar of Zin.
   556 | D        | Slain by a yak

Illustrated notes

Levels and vault maps discovered:
D:        dungeon_sprint_1 [red_sonja_temple_1, red_sonja_temple_small_1]

Skill      XL: |  1  2  3  4 |
---------------+-------------+-----
Axes           | 6 9 12 | 12.7
Fighting       | |  3.0
Spellcasting   | |  1.0
Fire Magic     | |  3.0

Action                   |  1- 3 |  4- 6 || total
-------------------------+-------+-------++-------
Melee: Hand axe          |     4 |     9 ||    13
 Cast: Scorch            |       |     3 ||     3
Invok: Foxfire Swarm     |     1 |     3 ||     4
 Abil: Spit Poison       |     2 |     2 ||     4
Evoke: Wand              |       |     1 ||     1
  Use: Potion            |     1 |     1 ||     2
Dodge: Dodged            |       |     2 ||     2

Table legend: (Time is in decaauts)
 A = Elapsed time spent in this place.
 B = Non-inter-level travel time spent in this place.
 C = Inter-level travel time spent in this place.
 D = Time resting spent in this place.
 E = Time spent auto-exploring this place.
 F = Levels seen in this place.
 G = Mean time per level.
                   A        B        C        D        E       F      G
               +--------+--------+--------+--------+--------+-----+--------+
         Total |    576 |    576 |      0 |    459 |      0 |   1 |  576.0 |
       Dungeon |    576 |    576 |      0 |    459 |      0 |   1 |  576.0 |
               +--------+--------+--------+--------+--------+-----+--------+

Top non-repeatable levels by time:
       D: 576 daAuts
